SKY
ST. LOUIS CARDINALS @ CHICAGO CUBS
04/03/2052
 
TOP OF THE 1ST
St. Louis Cardinals batting - Pitching for Chicago Cubs : LHP Erminio Tomsjansen
Pitching: LHP Erminio Tomsjansen
Batting: SHB Joseph Mitchell 0-0: Ball
1-0: Ball
2-0: Called Strike
2-1: SINGLE (Line Drive, 9LM, EV 103.1 MPH)
Batting: RHB Bobby Grimm 0-0: Called Strike
0-1: Fly out, F7 (Flyball, 7LM, EV 82.5 MPH)
Batting: SHB José Jesús De La Cruz 0-0: Ball
1-0: Reached on error, E9 (Flyball, 89D, EV 108.8 MPH)
Joseph Mitchell to third
Batting: RHB Dan Moore 0-0: Swinging Strike
0-1: Ball
1-1: Ball
2-1: Foul Ball, location: 9LMF
2-2: SINGLE (Line Drive, 5D, EV 106.3 MPH)
Joseph Mitchell scores
José Jesús De La Cruz to third
Runner from 3rd tries for Home, SAFE, throw by LF to home
Batting: SHB Sammy Horgan 0-0: Ball
1-0: Ball
2-0: Foul Ball, location: 2F
2-1: Foul Ball, location: 9LDF
2-2: Ball
3-2: Strikes out looking
Batting: LHB Josef Rosendorff 0-0: Ball
Dan Moore is caught stealing 2nd base 2-6
Top of the 1st over - 2 runs, 2 hits, 1 error, 0 left on base; St. Louis 2 - Chicago 0
BOTTOM OF THE 1ST
Chicago Cubs batting - Pitching for St. Louis Cardinals : RHP Jamison Bond
Pitching: RHP Jamison Bond
Now at 1B: Lance Vaughan
Batting: LHB José Armijo 0-0: Ball
1-0: Foul Ball, location: 3FF
1-1: Foul Ball, location: 2F
1-2: Strikes out swinging
Batting: LHB Abdul Williams 0-0: Ground out U3 (Groundball, 34, EV 85.6 MPH)
Batting: RHB Meredith Moore 0-0: Ground out 6-3 (Groundball, 6S, EV 84.4 MPH)
Bottom of the 1st over - 0 runs, 0 hits, 0 errors, 0 left on base; St. Louis 2 - Chicago 0
TOP OF THE 2ND
St. Louis Cardinals batting - Pitching for Chicago Cubs : LHP Erminio Tomsjansen
Batting: LHB Josef Rosendorff 0-0: Ball
1-0: Ball
2-0: Swinging Strike
2-1: Foul Ball, location: 3FF
2-2: Ball
3-2: Base on Balls
Batting: SHB Lucas Cavanaugh 0-0: Called Strike
0-1: Ground out 5-3 (Groundball, 56S, EV 70.0 MPH)
Josef Rosendorff to second
Batting: LHB Marcus Jones 0-0: Fly out, F8 (Flyball, 8RD, EV 92.5 MPH)
Batting: RHB Paco Paredes 0-0: Foul Ball, location: 5F
0-1: Ball
1-1: Fly out, F2 (Popup, 2R, EV 91.9 MPH)
Top of the 2nd over - 0 runs, 0 hits, 0 errors, 1 left on base; St. Louis 2 - Chicago 0
BOTTOM OF THE 2ND
Chicago Cubs batting - Pitching for St. Louis Cardinals : RHP Jamison Bond
Batting: RHB Pokey Baker 0-0: Ball
1-0: Ground out 5-3 (Groundball, 56, EV 82.5 MPH)
Batting: LHB Ben Waters 0-0: Foul Ball, location: 25F
0-1: Ball
1-1: Called Strike
1-2: Ball
2-2: Ball
3-2: Fly out, F7 (Flyball, 78D, EV 97.5 MPH)
Batting: RHB Derek McCone 0-0: Swinging Strike
0-1: Called Strike
0-2: Strikes out swinging
Bottom of the 2nd over - 0 runs, 0 hits, 0 errors, 0 left on base; St. Louis 2 - Chicago 0
TOP OF THE 3RD
St. Louis Cardinals batting - Pitching for Chicago Cubs : LHP Erminio Tomsjansen
Batting: SHB Joseph Mitchell 0-0: Ball
1-0: Fly out, F9 (Flyball, 89S, EV 73.8 MPH)
Batting: RHB Bobby Grimm 0-0: Called Strike
0-1: Ball
1-1: Foul Ball, location: 3FF
1-2: Ground out 4-3 (Groundball, 4, EV 101.9 MPH)
Batting: LHB Lance Vaughan 0-0: Ball
1-0: Called Strike
1-1: DOUBLE (Flyball, 8LXD, EV 108.8 MPH)
Pinch Runner at 2nd Lee Hilton:
Batting: RHB Dan Moore 0-0: Ball
1-0: Called Strike
1-1: DOUBLE (Line Drive, 78D, EV 103.1 MPH)
Lee Hilton scores
Batting: SHB Sammy Horgan 0-0: Ball
1-0: Foul Ball, location: 2F
1-1: Ball
2-1: Foul Ball, location: 2F
2-2: Fly out, F9 (Flyball, 9, EV 96.3 MPH)
Top of the 3rd over - 1 run, 2 hits, 0 errors, 1 left on base; St. Louis 3 - Chicago 0
BOTTOM OF THE 3RD
Chicago Cubs batting - Pitching for St. Louis Cardinals : RHP Jamison Bond
Now at 1B: Lee Hilton
Batting: RHB Joseph Young 0-0: Foul Ball, location: 9LDF
0-1: Called Strike
0-2: Foul Ball, location: 23F
0-2: Strikes out swinging
Batting: RHB Abel Stewart 0-0: Called Strike
0-1: Foul Ball, location: 2F
0-2: SINGLE (Flyball, 56D, EV 88.8 MPH)
Batting: LHB Nathaniel Pomares 0-0: Ball
1-0: Called Strike
1-1: Swinging Strike
1-2: Strikes out looking
Batting: LHB José Armijo 0-0: Ball
1-0: Foul Ball, location: 5FF
1-1: Swinging Strike
1-2: Fly out, F8 (Flyball, 8RM, EV 73.8 MPH)
Bottom of the 3rd over - 0 runs, 1 hit, 0 errors, 1 left on base; St. Louis 3 - Chicago 0
TOP OF THE 4TH
St. Louis Cardinals batting - Pitching for Chicago Cubs : LHP Erminio Tomsjansen
Batting: LHB Josef Rosendorff 0-0: Called Strike
0-1: DOUBLE (Line Drive, 3D, EV 99.4 MPH)
Batting: SHB Lucas Cavanaugh 0-0: Called Strike
0-1: Fly out, F8 (Flyball, 8RD, EV 98.8 MPH)
Batting: LHB Marcus Jones 0-0: Ball
1-0: Called Strike
1-1: Foul Ball, location: 5F
1-2: Fly out, F5 (Popup, 56S, EV 66.9 MPH)
Batting: RHB Paco Paredes 0-0: SINGLE (Groundball, 6D, EV 103.1 MPH)
Josef Rosendorff to third
Runner from 3rd tries for Home, SAFE, throw by LF to home
Batting: SHB Joseph Mitchell 0-0: Foul Ball, location: 2F
0-1: Ball
1-1: Ball
2-1: Fielders Choice at 2nd, 5-4 (Groundball, 56, EV 105.6 MPH)
Top of the 4th over - 1 run, 2 hits, 0 errors, 1 left on base; St. Louis 4 - Chicago 0
BOTTOM OF THE 4TH
Chicago Cubs batting - Pitching for St. Louis Cardinals : RHP Jamison Bond
Batting: LHB Abdul Williams 0-0: Foul Ball, location: 7LSF
0-1: Ball
1-1: Ball
2-1: Ground out 4-3 (Groundball, 4, EV 86.9 MPH)
Batting: RHB Meredith Moore 0-0: Fly out, F7 (Flyball, 7, EV 96.3 MPH)
Batting: RHB Pokey Baker 0-0: Ball
1-0: Ball
2-0: Foul Ball, location: 2F
2-1: Swinging Strike
2-2: Ground out 6-3 (Groundball, 6, EV 96.9 MPH)
Bottom of the 4th over - 0 runs, 0 hits, 0 errors, 0 left on base; St. Louis 4 - Chicago 0
TOP OF THE 5TH
St. Louis Cardinals batting - Pitching for Chicago Cubs : LHP Erminio Tomsjansen
Batting: RHB Bobby Grimm 0-0: Called Strike
0-1: Called Strike
0-2: Fly out, F3 (Popup, 3F, EV 57.5 MPH)
Batting: LHB Lee Hilton 0-0: Ball
1-0: Ball
2-0: Called Strike
2-1: Fly out, F9 (Flyball, 9S, EV 89.4 MPH)
Batting: RHB Dan Moore 0-0: Ball
1-0: Called Strike
1-1: Ball
2-1: Ground out U3 (Groundball, 34, EV 80.6 MPH)
Top of the 5th over - 0 runs, 0 hits, 0 errors, 0 left on base; St. Louis 4 - Chicago 0
BOTTOM OF THE 5TH
Chicago Cubs batting - Pitching for St. Louis Cardinals : RHP Jamison Bond
Batting: LHB Ben Waters 0-0: Ball
1-0: Ball
2-0: DOUBLE (Flyball, 8LXD, EV 98.8 MPH)
Batting: RHB Derek McCone 0-0: Foul Ball, location: 3DF
0-1: Foul Ball, location: 5F
0-2: Foul Ball, location: 23F
0-2: Ball
1-2: Ball
2-2: Ball
3-2: Ground out 3-1 (Groundball, 34S, EV 92.5 MPH)
Ben Waters to third
Batting: RHB Joseph Young 0-0: Fly out, F4 (Popup, 34, EV 61.3 MPH)
Batting: RHB Abel Stewart 0-0: Called Strike
0-1: Called Strike
0-2: Ball
1-2: Strikes out looking
Bottom of the 5th over - 0 runs, 1 hit, 0 errors, 1 left on base; St. Louis 4 - Chicago 0
TOP OF THE 6TH
St. Louis Cardinals batting - Pitching for Chicago Cubs : LHP Erminio Tomsjansen
Batting: SHB Sammy Horgan 0-0: Foul Ball, location: 2F
0-1: Ball
1-1: Foul Ball, location: 5FF
1-2: Strikes out swinging
Batting: LHB Josef Rosendorff 0-0: Hit by Pitch
Batting: SHB Lucas Cavanaugh 0-0: Ball
1-0: Ball
2-0: Called Strike
2-1: Called Strike
2-2: Fly out, F8 (Flyball, 8LXD, EV 111.3 MPH)
Batting: LHB Marcus Jones 0-0: Fly out, F9 (Line Drive, 9LM, EV 88.1 MPH)
Top of the 6th over - 0 runs, 0 hits, 0 errors, 1 left on base; St. Louis 4 - Chicago 0
BOTTOM OF THE 6TH
Chicago Cubs batting - Pitching for St. Louis Cardinals : RHP Jamison Bond
Batting: LHB Nathaniel Pomares 0-0: Ball
1-0: Ball
2-0: Called Strike
2-1: Ground out U3 (Groundball, 3, EV 107.5 MPH)
Batting: LHB José Armijo 0-0: Ball
1-0: Fly out, F6 (Popup, 6, EV 60.6 MPH)
Batting: LHB Abdul Williams 0-0: DOUBLE (Flyball, 89D, EV 104.4 MPH)
Batting: RHB Meredith Moore 0-0: Called Strike
0-1: Ball
1-1: Ball
2-1: Ground out 6-3 (Groundball, 6, EV 66.9 MPH)
Bottom of the 6th over - 0 runs, 1 hit, 0 errors, 1 left on base; St. Louis 4 - Chicago 0
TOP OF THE 7TH
St. Louis Cardinals batting - Pitching for Chicago Cubs : LHP Erminio Tomsjansen
Batting: RHB Paco Paredes 0-0: Foul Ball, location: 7LDF
0-1: Ground out 5-3 (Groundball, 5L, EV 86.3 MPH)
Batting: SHB Joseph Mitchell 0-0: Called Strike
0-1: SINGLE (Groundball, 6MD, EV 104.4 MPH)
Batting: RHB Bobby Grimm 0-0: Ball
1-0: Foul Ball, location: 2F
1-1: Ball
2-1: Reached on error, E3 (Groundball, 3S, EV 86.9 MPH)
Joseph Mitchell to second
Batting: LHB Lee Hilton 0-0: Called Strike
0-1: SINGLE (Groundball, 4D, EV 103.8 MPH)
Joseph Mitchell to third
Bobby Grimm to second
Runner from 3rd tries for Home, SAFE, throw by CF to home
Pitching: RHP A.K. Perozo
Batting: RHB Dan Moore 0-0: Called Strike
0-1: Ball
1-1: Foul Ball, location: 25FF
1-2: Strikes out swinging
Batting: SHB Sammy Horgan 0-0: Ball
1-0: Ball
2-0: Foul Ball, location: 5SF
2-1: Foul Ball, location: 2F
2-2: Strikes out swinging
Top of the 7th over - 1 run, 2 hits, 1 error, 2 left on base; St. Louis 5 - Chicago 0
BOTTOM OF THE 7TH
Chicago Cubs batting - Pitching for St. Louis Cardinals : RHP Jamison Bond
Batting: RHB Pokey Baker 0-0: Ball
1-0: Fly out, F8 (Flyball, 8LM, EV 93.1 MPH)
Batting: LHB Ben Waters 0-0: Called Strike
0-1: Swinging Strike
0-2: Fly out, F7 (Flyball, 7, EV 98.8 MPH)
Batting: RHB Derek McCone 0-0: Called Strike
0-1: Foul Ball, location: 2F
0-2: Ball
1-2: Strikes out looking
Bottom of the 7th over - 0 runs, 0 hits, 0 errors, 0 left on base; St. Louis 5 - Chicago 0
TOP OF THE 8TH
St. Louis Cardinals batting - Pitching for Chicago Cubs : RHP A.K. Perozo
Batting: LHB Josef Rosendorff 0-0: Fly out, F8 (Flyball, 89S, EV 86.3 MPH)
Batting: SHB Lucas Cavanaugh 0-0: Ball
1-0: Foul Ball, location: 7LDF
1-1: SOLO HOME RUN (Flyball, 8RXD, EV 105.6 MPH), Distance : 424 ft
Batting: LHB Marcus Jones 0-0: Ground out 4-3 (Groundball, 4, EV 101.9 MPH)
Batting: RHB Paco Paredes 0-0: Called Strike
0-1: Ball
1-1: Foul Ball, location: 2F
1-2: Ball
2-2: Strikes out swinging
Top of the 8th over - 1 run, 1 hit, 0 errors, 0 left on base; St. Louis 6 - Chicago 0
BOTTOM OF THE 8TH
Chicago Cubs batting - Pitching for St. Louis Cardinals : RHP Jamison Bond
Pinch Hitting: SHB Britt Bell 0-0: Called Strike
0-1: Foul Ball, location: 9LMF
0-2: Ball
1-2: Foul Ball, location: 5F
1-2: Ball
2-2: Ground out U3 (Groundball, 34S, EV 68.1 MPH)
Batting: RHB Abel Stewart 0-0: Ball
1-0: Ball
2-0: Ball
3-0: Base on Balls
Batting: LHB Nathaniel Pomares 0-0: Called Strike
0-1: Foul Ball, location: 2F
0-2: Fly out, F4 (Popup, 13S, EV 88.1 MPH)
Batting: LHB José Armijo 0-0: Ball
1-0: Foul Ball, location: 5SF
1-1: Called Strike
1-2: Fly out, F7 (Flyball, 7D, EV 105.0 MPH)
Bottom of the 8th over - 0 runs, 0 hits, 0 errors, 1 left on base; St. Louis 6 - Chicago 0
TOP OF THE 9TH
St. Louis Cardinals batting - Pitching for Chicago Cubs : RHP A.K. Perozo
Now at 3B: Jonah Daley
Now at SS: Abel Stewart
Batting: SHB Joseph Mitchell 0-0: Called Strike
0-1: Foul Ball, location: 7LSF
0-2: Fly out, F7 (Flyball, 78XD, EV 91.9 MPH)
Batting: RHB Bobby Grimm 0-0: Ball
1-0: Ball
2-0: Foul Ball, location: 23F
2-1: Foul Ball, location: 2F
2-2: Foul Ball, location: 2F
2-2: Ground out 4-3 (Groundball, 34, EV 84.4 MPH)
Batting: LHB Lee Hilton 0-0: Ground out 5-3 (Groundball, 56S, EV 85.6 MPH)
Top of the 9th over - 0 runs, 0 hits, 0 errors, 0 left on base; St. Louis 6 - Chicago 0
BOTTOM OF THE 9TH
Chicago Cubs batting - Pitching for St. Louis Cardinals : RHP Jamison Bond
Batting: LHB Abdul Williams 0-0: Fly out, F5 (Popup, 15, EV 86.9 MPH)
Batting: RHB Meredith Moore 0-0: Called Strike
0-1: Called Strike
0-2: Foul Ball, location: 2F
0-2: Ball
1-2: Ground out 6-3 (Groundball, 6, EV 98.1 MPH)
Batting: RHB Pokey Baker 0-0: Ball
1-0: Ball
2-0: SINGLE (Groundball, 6MD, EV 99.4 MPH)
Pitching: RHP Ian Gatta
Batting: LHB Ben Waters 0-0: Ball
1-0: Called Strike
1-1: Ball
2-1: Ball
3-1: Foul Ball, location: 7LMF
3-2: Foul Ball, location: 2F
3-2: Base on Balls
Pokey Baker to second
Batting: RHB Derek McCone 0-0: Called Strike
0-1: Swinging Strike
0-2: Strikes out swinging
Bottom of the 9th over - 0 runs, 1 hit, 0 errors, 2 left on base; St. Louis 6 - Chicago 0
Monday, April 15th , 2024 - OOTP Baseball 24.11 Build 85